 Dungeon Crawl Stone Soup version 0.28.0-47-ge53b351184 (webtiles) character file.

Game seed: 11088688989523632621

176 Kangaroobicon the Skirmisher (level 5, -6/44 HPs)
             Began as a Palentonga Fighter on Apr 27, 2022.
             Mangled by a scorpion (8 damage)
             ... on level 3 of the Dungeon.
             The game lasted 00:17:10 (2041 turns).

Kangaroobicon the Skirmisher (Palentonga Fighter)   Turns: 2041, Time: 00:17:11

Health: -6/44      AC:  6    Str: 20    XL:     5   Next: 30%
Magic:  5/5        EV:  7    Int:  8    God:
Gold:   207        SH:  4    Dex: 11    Spells: 4/4 levels left

rFire   . . .      SeeInvis +   a - +0 war axe
rCold   . . .      Faith    .   c - +0 buckler
rNeg    . . .      Spirit   .   b - +0 scale mail
rPois   .          Reflect  .   (no helmet)
rElec   .          Harm     .   (no cloak)
rCorr   .          Rampage  .   (no gloves)
Will    .....                   (no barding)
Stlth   ..........              (no amulet)
HPRegen 0.14/turn               (no ring)
MPRegen 0.09/turn               (no ring)

@: lethally poisoned (-6 -> -16)
A: large, rugged brown scales 3, see invisible, deformed body, roll 1, armoured
tail
a: Rolling Charge


You were on level 3 of the Dungeon.
You visited 1 branch of the dungeon, and saw 3 of its levels.

You collected 207 gold pieces.

Inventory:

Hand Weapons
 a - a +0 war axe (weapon)
Armour
 b - a +0 scale mail (worn)
 c - a +0 buckler (worn)
Scrolls
 e - a scroll of vulnerability {unknown}
 g - a scroll of identify
 i - a scroll of fear {unknown}
 k - a scroll of immolation
 l - a scroll of silence {unknown}
 m - a scroll of amnesia {unknown}
 n - a scroll of noise {unknown}
 p - a scroll of fog {unknown}
 q - a scroll of teleportation {unknown}
Potions
 d - a potion of heal wounds {unknown}
 f - 2 potions of lignification
 h - 2 potions of mutation
 j - 2 potions of attraction
 o - a potion of degeneration {unknown}


   Skills:
 + Level 4.0 Fighting
 + Level 3.7 Axes
 + Level 2.9 Armour
 + Level 0.2 Dodging
 + Level 0.1 Stealth
 + Level 3.0 Shields


You had 4 spell levels left.
You didn't know any spells.
Your spell library contained the following spells:

 Spells                   Type           Power      Damage    Failure   Level
 Apportation              Tloc           0%         N/A       83%         1
 Sublimation of Blood     Necr           0%         N/A       93%         2
 Petrify                  Tmut/Erth      0%         N/A       100%        4
 Alistair's Intoxication  Tmut/Pois      0%         N/A       100%        5
 Irradiate                Conj/Tmut      0%         3d13      100%        5


Dungeon Overview and Level Annotations

Branches:
Dungeon (3/15)

Altars:

Shops:
D:3 (

Annotations:
D:3 Name63's ghost, weakling FeTm


Innate Abilities, Weirdness & Mutations

You are completely covered in rugged brown scales. (AC +3, +7% HP)
You have supernaturally acute eyesight. (SInv)
Armour fits poorly on your strangely shaped body.
You can roll at nearby foes to attack.
You have a long armoured tail.


Message History

You open the door.
Name63's ghost whispers, "Meet the emptiness of death!"
You closely miss the scorpion.
The scorpion stings you but does no damage.
You slash the scorpion!
The scorpion is moderately wounded.
The scorpion stings you.
You are poisoned.
The scorpion poisons you!
The scorpion stings you but does no damage.
You hit the scorpion but do no damage.
The scorpion is moderately wounded.
You feel very sick. The scorpion stings you.
You are more poisoned.
The scorpion poisons you!
You hit the scorpion.
The scorpion is moderately wounded.
You feel very sick. The scorpion stings you. The scorpion barely misses you.
You closely miss the scorpion.
You tail-slap the scorpion, but do no damage.
The scorpion is moderately wounded.
You feel very sick. The scorpion stings you.
You are lethally poisoned!
The scorpion poisons you! The scorpion stings you!
* * * LOW HITPOINT WARNING * * *
You barely miss the scorpion. You tail-slap the scorpion.
The scorpion is heavily wounded.
* * * LOW HITPOINT WARNING * * *
You feel very sick. You block the scorpion's attack.
Unknown command.
You hit the scorpion.
The scorpion is heavily wounded.
* * * LOW HITPOINT WARNING * * *
You feel very sick. The scorpion stings you!
You die...

###......#.####.#.######.#..##.##
...........................P.....
.##...#.........#.####...♣≈♣P.†..
.##...#.##.######.# #...♣≈≈≈P...
.##......#.# #.# ##..P.P≈≈≈...
.##.#.#.##.# #.###.....≈≈≈≈≈..
......#.##.######........≈≈≈≈≈≈≈P
#####.#.##.#.:.#...###.≈≈≈≈≈≈≈≈≈≈
#.#.##.#}?Ws@..# #.≈≈≈≈≈≈≈≈≈≈
#####.#.##.#.).#..####.P≈≈≈≈≈≈≈≈.
....#.#.##.######.#<.....(≈≈≈≈≈..
###.#.#.##.# #.####.P..≈≈≈P...
#.#.#.##.# #.# #........PP.
#.#.#.##.######.## ###..#######
#.#..............# #.##
###.#########.###..# #.#
#.............# #..# #.#


You could see a scorpion and Name63's ghost.

Vanquished Creatures
  A jelly (D:3)
  A centaur skeleton (D:2)
  3 adders
  2 worms
  A dart slug (D:3)
  6 orcs (D:3)
  7 ball pythons
  9 endoplasms
  3 giant cockroaches
  5 goblins
  5 hobgoblins
  7 jackals (D:1)
  5 kobolds
  2 quokkas (D:1)
  7 bats
  5 frilled lizards
  5 rats
  2 toadstools (D:1)
76 creatures vanquished.

Vanquished Creatures (others)
  2 fungi (D:1)
  3 plants (D:3)
  4 toadstools (D:1)
9 creatures vanquished.

Grand Total: 85 creatures vanquished

Notes
Turn   | Place    | Note
-------+----------+-------------------------------------------
     0 | D:1      | Kangaroobicon the Palentonga Fighter began the quest for
                  | the Orb.
     0 | D:1      | Reached XP level 1. HP: 19/19 MP: 1/1
   129 | D:1      | Reached XP level 2. HP: 25/25 MP: 2/2
   294 | D:1      | Reached XP level 3. HP: 23/31 MP: 3/3
   642 | D:2      | Reached XP level 4. HP: 36/37 MP: 4/4
   693 | D:2      | Found a faded altar of an unknown god.
  1641 | D:3      | Found Divegay's Antique Weapon Boutique.
  1854 | D:3      | Reached XP level 5. HP: 43/44 MP: 5/5
  1898 | D:3      | Reached skill level 4 in Fighting
  1977 | D:3      | Found a runed translucent door.
  1978 | D:3      | Noticed Name63's ghost (weakling FeTm)
  2041 | D:3      | HP: 2/44 [poisoned by a scorpion]
  2041 | D:3      | Mangled by a scorpion

Illustrated notes

Levels and vault maps discovered:
D:1:      dpeg_arrival_ternary, layout_rooms, hangedman_decor_slide_cut,
          minmay_gold_behind_fungi, minmay_bisected
D:2:      layout_rooms, ebering_ecumenical_altar_rust,
          small_statue_intersection, grunt_decor_resistance
D:3:      layout_basic, ebering_ghost_inner_flame, serial_shops, shop,
          guppyfry_early_lair_pool

Skill      XL: |  1  2  3  4  5 |
---------------+----------------+-----
Axes           | 3 |  3.7
Shields        | 3 |  3.0
Fighting       | 4 |  4.0
Armour         | |  2.9
Dodging        | |  0.2
Stealth        | |  0.1

Action                   |  1- 3 |  4- 6 || total
-------------------------+-------+-------++-------
Melee: War axe           |    94 |    80 ||   174
       Tailslap          |     7 |     9 ||    16
  Use: Scroll            |       |     3 ||     3
       Potion            |       |     1 ||     1
Armor: Scale mail        |    56 |    36 ||    92
Dodge: Dodged            |    44 |    29 ||    73
Block: Buckler           |    21 |    10 ||    31
